 Dungeon Crawl Stone Soup version 0.23-a0-582-g1b4a0ca (webtiles) character file.

41 TheGoonsmith the Ducker (level 3, 0/19 HPs)
             Began as a Spriggan Abyssal Knight on Dec 16, 2018.
             Was a Believer of Lugonu.
             Succumbed to a worker ant's poison
             ... on level 1 of the Dungeon.
             The game lasted 00:04:06 (2427 turns).

TheGoonsmith the Ducker (Spriggan Abyssal Knight)   Turns: 2427, Time: 00:04:06

Health: 0/19       AC:  2    Str: 13    XL:     3   Next: 32%
Magic:  5/5        EV: 19    Int: 13    God:    Lugonu [**....]
Gold:   96         SH:  0    Dex: 16    Spells: 2/2 levels left

rFire    . . .     SeeInvis +   a - +1 short sword
rCold    . . .     Gourm    .   (shield restricted)
rNeg     . . .     Faith    .   b - +0 robe
rPois    .         Spirit   .   (helmet restricted)
rElec    .         Reflect  .   (no cloak)
rCorr    .         Harm     .   (gloves unavailable)
MR       .....                  (boots unavailable)
Stlth    ++........             (no amulet)
HPRegen  0.06/turn              (no ring)
MPRegen  0.09/turn              (no ring)

@: mighty, lethally poisoned (0 -> -8), very quick
A: very small, unfitting armour, see invisible, herbivore, speed 3, slow
metabolism 2
a: Depart the Abyss, Bend Space, Renounce Religion


You were on level 1 of the Dungeon.
You worshipped Lugonu.
Lugonu was pleased with you.
You were not hungry.

You visited 1 branch of the dungeon, and saw 4 of its levels.
You visited the Abyss 1 time.

You collected 96 gold pieces.

Inventory:

Hand Weapons
 a - a +1 short sword (weapon)
Armour
 b - a +0 robe (worn)
Jewellery
 g - an uncursed ring of protection from fire {unknown}
Scrolls
 d - 2 scrolls of identify {unknown}
 e - 2 scrolls of enchant armour {unknown}
Potions
 f - a potion of might
Comestibles
 c - 2 rations


   Skills:
 - Level 2.4 Fighting
 * Level 2.9 Short Blades
 + Level 4.2 Dodging
 + Level 2.0 Stealth
 + Level 2.3 Invocations


You had 2 spell levels left.
You didn't know any spells.
Your spell library was empty.

Dungeon Overview and Level Annotations

Branches:
Dungeon (4/15)
 Temple: D:4-7

Altars:


Innate Abilities, Weirdness & Mutations

You are very small and have problems with some larger weapons.
You are too small for most types of armour.
You have supernaturally acute eyesight. (SInv)
You are a herbivore.
You cover ground extremely quickly.
You need to consume almost no food.


Message History

* * * LOW HITPOINT WARNING * * *
You feel sick.
There is a stone staircase leading down here.
The worker ant completely misses you.
* * * LOW HITPOINT WARNING * * *
You feel sick.
It was a potion of might.
You feel very mighty all of a sudden. The worker ant completely misses you.
The goblin barely misses you.
You hit the worker ant.
The worker ant is heavily wounded.
* * * LOW HITPOINT WARNING * * *
You feel sick. The worker ant misses you. The goblin hits you with a +0 club.
* * * LOW HITPOINT WARNING * * *
You barely miss the worker ant.
The worker ant is heavily wounded.
The worker ant misses you.
You hit the worker ant.
The worker ant is severely wounded.
You die...

##.## #.#########
###..## #..........
#.....# ###########
#.....# #.....#
#.....# #### #.....#
#... #...[.#######
#.##
#####@.##...#######.#
####ag##......#....#
#.....#..#.##.#.####
#.###>...#....#.##
#.# ###...##..#..#
#.###...#.....#..#
#.....#.#.#...#..#
#...#.#.#.#.#....#
#..##########..###


You could see a worker ant and a goblin.

Vanquished Creatures
  An adder (D:3)
  A worm (D:2)
  2 leopard geckos
  5 giant cockroaches (D:1)
  2 hobgoblins (D:2)
  2 jackals (D:2)
  2 quokkas
  2 bats (D:1)
  3 frilled lizards
  2 goblins
  A kobold (D:1)
  3 rats
26 creatures vanquished.

Notes
Turn   | Place    | Note
-------+----------+-------------------------------------------
     0 | Abyss:1  | TheGoonsmith the Spriggan Abyssal Knight began the quest
                  | for the Orb.
     0 | Abyss:1  | Reached XP level 1. HP: 11/11 MP: 3/3
    37 | D:1      | Escaped the Abyss
   361 | D:1      | Reached skill level 1 in Stealth
   448 | D:1      | Reached XP level 2. HP: 16/16 MP: 4/4
   484 | D:1      | Reached skill level 4 in Dodging
  1867 | D:3      | Reached ** piety under Lugonu
  1867 | D:3      | Reached XP level 3. HP: 16/19 MP: 5/5
  2427 | D:1      | Succumbed to a worker ant's poison

Vault maps used:
D:1:      grunt_arrival_lava_bath, minmay_worlds_worst_comb
D:3:      old_standard_altar, lemuel_round_altar, first_ration, uniq_ijyb,
          uniq_terence
D:4:      lemuel_crystal_altar, nicolae_overflow_crystal_walls, uniq_natasha,
          uniq_eustachio

Skill      XL: |  1  2  3 |
---------------+----------+-----
Stealth        | 1 2 |  2.0
Invocations    | 2 |  2.3
Dodging        | 4 |  4.2
Fighting       | |  2.4
Short Blades   | |  2.9

Action                   || total
-------------------------++-------
Melee: Short sword       ||   144
  Use: Potion            ||     4
 Stab: Sleeping          ||     2
Armor: Robe              ||    15
Dodge: Dodged            ||   152

Table legend:
 A = Non-vault XP
 B = Vault XP
 C = Vault XP percentage of total XP
 D = Non-vault monster count
 E = Vault monster count
 F = Vault count percentage of total count
                 A         B        C        D         E       F
            +---------+---------+-------+---------+---------+-------
      Total |      51 |       8 |  13.6 |      22 |       4 |  15.4
            +---------+---------+-------+---------+---------+-------
        D:1 |      12 |       8 |  40.0 |       8 |       4 |  33.3
        D:2 |      23 |       0 |   0.0 |      11 |       0 |   0.0
        D:3 |      16 |       0 |   0.0 |       3 |       0 |   0.0
            +---------+---------+-------+---------+---------+-------
